 Dungeon Crawl Stone Soup version 0.21-a0-531-gacddea6 (webtiles) character file.

66 Dordric the Cudgeler (level 4, 0/39 HPs)
             Began as a Hill Orc Monk on Dec 13, 2017.
             Slain by a jelly (2 damage)
             ... on level 2 of the Dungeon.
             The game lasted 00:03:35 (1794 turns).

Dordric the Cudgeler (Hill Orc Monk)                Turns: 1794, Time: 00:03:36

Health: 0/39       AC:  0    Str: 13    XL:     4   Next: 15%
Magic:  4/4        EV:  6    Int: 10    God:
Gold:   82         SH:  0    Dex: 14    Spells: 3/3 levels left

rFire    . . .     SeeInvis .   a - +0 mace
rCold    . . .     Gourm    .   (no shield)
rNeg     . . .     Faith    .   k - +0 chain mail
rPois    .         Spirit   .   (no helmet)
rElec    .         Reflect  .   (no cloak)
rCorr    .         Harm     .   (no gloves)
MR       .....                  (no boots)
Stlth    ..........             (no amulet)
HPRegen  0.13/turn              (no ring)
MPRegen  0.09/turn              (no ring)

@: corroded
A: no striking features
a: no special abilities


You were on level 2 of the Dungeon.
You were not hungry.

You visited 1 branch of the dungeon, and saw 3 of its levels.

You collected 82 gold pieces.

Inventory:

Hand Weapons
 a - a +0 mace (weapon)
Armour
 b - a +0 robe
 k - a +0 chain mail (worn)
Scrolls
 d - a scroll of magic mapping {unknown}
 g - a scroll of enchant armour {unknown}
 h - 2 scrolls of identify {unknown}
 i - 2 scrolls of remove curse {unknown}
 j - a scroll of amnesia {unknown}
 l - a scroll of blinking {unknown}
Potions
 e - a potion of heal wounds {unknown}
 f - 4 potions of curing {unknown}
 m - a potion of degeneration {unknown}
Comestibles
 c - 2 bread rations
 n - a meat ration
 o - 2 chunks of flesh


   Skills:
 - Level 3.6 Fighting
 + Level 5.4 Maces & Flails
 - Level 2.4 Dodging
 - Level 1.5 Stealth


You had 3 spell levels left.
You didn't know any spells.

Dungeon Overview and Level Annotations

Branches:
Dungeon (3/15)

Altars:

Annotations:
D:3 Natasha


Message History

* * * LOW HITPOINT WARNING * * *
The jelly is moderately wounded.
The jelly hits you but does no damage.
You hit the jelly.
Your hands burn!
* * * LOW HITPOINT WARNING * * *
The jelly is heavily wounded.
The jelly hits you but does no damage.
You hit the jelly but do no damage.
Your hands burn!
* * * LOW HITPOINT WARNING * * *
The jelly is heavily wounded.
The jelly hits you but does no damage.
You hit the jelly. The acid corrodes you!
Your hands burn!
* * * LOW HITPOINT WARNING * * *
The jelly is severely wounded.
The jelly completely misses you.
You hit the jelly.
Your hands burn!
* * * LOW HITPOINT WARNING * * *
The jelly is almost dead.
The jelly hits you.
You die...

# #.#########..#...........##.# #
#.# #....#.#..........# ###.#####
#.........###..######
........#####.#..#.#.............
..............##.#......(..######
##.####.########.....#####.# ...#
#.# #.###.# #.# #### #.#
#.###)#####.# #.# #@Jw>.......#
#.############รท#######
#.#.......^....# #...#########..#
##### #..# #..# #.[# #..# #..#


You could see a worm and a jelly.

Vanquished Creatures
  2 adders (D:2)
  An ooze (D:2)
  2 dart slugs (D:1)
  A ball python (D:2)
  2 giant cockroaches
  4 goblins
  3 hobgoblins
  7 jackals (D:2)
  3 kobolds
  7 bats
  A frilled lizard (D:2)
  3 rats
36 creatures vanquished.

Notes
Turn   | Place    | Note
-------+----------+-------------------------------------------
     0 | D:1      | Dordric the Hill Orc Monk began the quest for the Orb.
     0 | D:1      | Reached XP level 1. HP: 19/19 MP: 1/1
   131 | D:1      | Reached XP level 2. HP: 20/26 MP: 2/2
   146 | D:1      | Reached skill level 4 in Maces & Flails
   808 | D:2      | Reached XP level 3. HP: 25/31 MP: 3/3
  1182 | D:2      | Reached skill level 5 in Maces & Flails
  1396 | D:2      | Reached XP level 4. HP: 38/39 MP: 4/4
  1630 | D:3      | Noticed Natasha
  1794 | D:2      | Slain by a jelly

Vault maps used:
D:1:      sevenhm_arrival_forest_fort_small_3
D:2:      first_bread
D:3:      dk_vineyard_1, uniq_natasha, uniq_robin, uniq_grinder

Skill      XL: |  1  2  3 |
---------------+----------+-----
Maces & Flails | 4 5 |  5.4
Fighting       | |  3.6
Dodging        | |  2.4
Stealth        | |  1.5

Action                   |  1- 3 |  4- 6 || total
-------------------------+-------+-------++-------
Melee: Mace              |   116 |    45 ||   161
 Stab: Sleeping          |     2 |       ||     2
  Eat: Chunk             |     2 |     1 ||     3
Armor: Robe              |    19 |       ||    19
       Chain mail        |    38 |    63 ||   101
Dodge: Dodged            |    83 |    32 ||   115

Table legend:
 A = Spawn XP
 B = Non-spawn XP
 C = Spawn XP percentage of total XP
 D = Spawn monster count
 E = Non-spawn monster count
 F = Spawn count percentage of total count
 G = Total turns spent on level
                    A         B        C        D         E        F      G
               +---------+---------+-------+---------+---------+-------+---------
         Total |       0 |      95 |   0.0 |       0 |      36 |   0.0 |  1794
               +---------+---------+-------+---------+---------+-------+---------
           D:1 |       0 |      28 |   0.0 |       0 |      14 |   0.0 |   776
           D:2 |       0 |      67 |   0.0 |       0 |      22 |   0.0 |  1007
               +---------+---------+-------+---------+---------+-------+---------
